cohdb
Replays
Latest Replays
All Replays
Popular Replays
Top Player Replays
Match Explorer
How It Works
Community
CoH3 Stats
Reddit
Sign in to upload your games and track your stats! →
Sign in with Steam
Match 46995707
Unlisted
Match 46995707
Overview
Messages
Build Orders
End
Construct Barracks
Selects Heavy Weapons
Riflemen Squad
M1 Mortar Team
Riflemen Squad
Riflemen Squad
Infantry Support Center
Grenade Package
Construct Weapon Support Center
Engineer Squad
M3 Armored Personnel Carrier
Selects Assault Carriers
M3 Assault Carrier
Riflemen Squad
Riflemen Squad
Selects Exchangeable Parts
Advanced Logistics
M1918 Browning Automatic Rifles
Survival Training
NiuZeta
Blaston
WeakTendon
姬延龙
Spaghettiumborn™
Valieriumborn's Daddy
Palistine IsReal lol
[82AD] PaulGMax
0
0
Comments
sign in to comment!
No comments posted yet!